 Dungeon Crawl Stone Soup version 0.19.1 (webtiles) character file.

87 M4edhros the Insei (level 4, 0/30 (31) HPs)
             Began as an Octopode Chaos Knight on Dec 25, 2016.
             Succumbed to a worker ant's poison
             ... on level 1 of the Dungeon.
             The game lasted 00:03:19 (7556 turns).

M4edhros the Insei (Octopode Chaos Knight)          Turns: 7556, Time: 00:03:19

HP:   0/30 (31)     AC:  1    Str: 11      XL:     4   Next: 51%
MP:   4/4           EV: 13    Int: 14      God:    Xom [..*...]
Gold: 106           SH:  0    Dex: 11 (12) Spells: 0 memorised, 3 levels left

rFire  . . .     SeeInvis .       - Unarmed
rCold  . . .     Gourm    .     (no shield)
rNeg   . . .     Faith    .     (helmet restricted)
rPois  .         Spirit   .     (no amulet)
rElec  .         Reflect  .     (no ring)
rCorr  .         Harm     .     (no ring)
MR     .....                    (no ring)
Stlth  ++........               (no ring)
                                (no ring)
                                (no ring)
                                (no ring)
                                (no ring)

@: lethally poisoned (0 -> -5), drained
A: almost no armour, stealthy swim, amphibious, 8 rings, constrict 8, camouflage
1, blurry vision 1, deterioration 1, sense surroundings 1, gelatinous body 1
a: Renounce Religion


You were on level 1 of the Dungeon.
You worshipped Xom.
You were a toy of Xom.
You were very hungry.

You visited 1 branch of the dungeon, and saw 1 of its levels.

You collected 106 gold pieces.

Inventory:

Scrolls
 d - a scroll of teleportation {unknown}
 e - 2 scrolls of identify {unknown}
 f - a scroll of random uselessness {unknown}
Books
 g - a book of Cantrips

   Spells                             Type                      Level
   a - Confusing Touch                Hexes                        1
   b - Animate Skeleton               Necromancy                   1
   c - Summon Small Mammal            Summoning                    1
   d - Apportation                    Translocation                1
Comestibles
 a - a bread ration
 b - 3 meat rations
 c - a slice of pizza


   Skills:
 - Level 3.0(2.8) Fighting
 - Level 2.3(2.1) Dodging
 + Level 5.1(4.9) Unarmed Combat


You had 3 spell levels left.
You didn't know any spells.

Dungeon Overview and Level Annotations

Branches:
Dungeon (1/15)

Altars:
Xom


Innate Abilities, Weirdness & Mutations

You cannot wear most types of armour.
You are very stealthy in the water. (Stealth+)
You are amphibious.
You can wear up to eight rings at the same time.
You can use your tentacles to constrict eight enemies at once.
Your skin changes colour to match your surroundings (Stealth+).
Your rubbery body absorbs attacks. (AC +1, EV +1)
Scrolls take you a little longer to read.
Your body sometimes deteriorates upon taking damage.
You passively map a small area around you.


Message History

You tentacle-slap the worker ant.
You kill the worker ant!
You feel your strength returning.
Your base Unarmed Combat skill increases to level 5!
* * * LOW HITPOINT WARNING * * *
You feel sick.
You are starving!
You see here a worker ant corpse.
You butcher the worker ant corpse.
* * * LOW HITPOINT WARNING * * *
You feel sick.
Eat a chunk of flesh? (ye/n/q)
You start eating the chunk of flesh.
This raw flesh tastes terrible.
You are feeling very hungry.
Okay, then.
Okay, then.
Unknown command.
You die...
Xom roars with laughter!

#......>............#...........
##.#.#.#.#.#.#.#.#.##........###
#..................#........#
#.#.#.#.#.#.#.#.#.##........#
#..................####.....#
#.#.#.#.#.#.#.#.#.## #.....#
##.................# #######
##.#.#.#)#.#.#.#.##
#.._.........@....#
##.#.#.#.#.#.#.#.##
##._.##.######### #.._..(#
#...#### #__.).# #####.# ######
#(# #.....
#_#################.###.


There were no monsters in sight!

Vanquished Creatures
  A worker ant (D:1)
  An ooze (D:1)
  A worm (D:1)
  A dart slug (D:1)
  3 leopard geckos (D:1)
  4 bats (D:1)
  3 giant cockroaches (D:1)
  6 goblins (D:1)
  4 hobgoblins (D:1)
  6 jackals (D:1)
  5 kobolds (D:1)
  2 ball pythons (D:1)
  A frilled lizard (D:1)
  6 rats (D:1)
44 creatures vanquished.

Notes
Turn   | Place    | Note
-------+----------+-------------------------------------------
     0 | D:1      | M4edhros the Octopode Chaos Knight began the quest for the Orb.
     0 | D:1      | Reached XP level 1. HP: 16/16 MP: 1/1
    33 | D:1      | XOM: divination: detect creatures
   505 | D:1      | XOM: silly message
   628 | D:1      | XOM: divination: magic mapping
   972 | D:1      | XOM is BORED!
   972 | D:1      | XOM: medium Necr miscast
   997 | D:1      | XOM: divination: detect items
  1038 | D:1      | XOM: harmless Tmut miscast
  1281 | D:1      | XOM: silly message
  1300 | D:1      | Reached XP level 2. HP: 19/21 MP: 2/2
  1342 | D:1      | XOM: harmless Tmut miscast
  1663 | D:1      | XOM: harmless Necr miscast
  1736 | D:1      | XOM is BORED!
  1736 | D:1      | XOM: harmless Air miscast
  1890 | D:1      | XOM: mild Chrm miscast
  1957 | D:1      | XOM: cloud trail
  2039 | D:1      | XOM: god gift: 17 gold pieces
  2503 | D:1      | XOM: harmless Conj miscast
  2820 | D:1      | XOM is BORED!
  2820 | D:1      | XOM: harmless Tloc miscast
  3511 | D:1      | HP: 1/21 [bat (1)]
  3528 | D:1      | Reached skill level 4 in Unarmed Combat
  3578 | D:1      | Reached XP level 3. HP: 26/26 MP: 3/3
  3649 | D:1      | XOM: noise
  3694 | D:1      | XOM: medium Fire miscast
  3694 | D:1      | XOM: smoke on damage
  4458 | D:1      | XOM is BORED!
  4458 | D:1      | XOM: 5-stop teleportation journey
  4543 | D:1      | XOM: give mutations
  4543 | D:1      | Gained mutation: You passively map a small area around you. [Xom's mischief]
  4543 | D:1      | Gained mutation: Scrolls take you a little longer to read. [Xom's mischief]
  4543 | D:1      | Gained mutation: Your body sometimes deteriorates upon taking damage. [Xom's mischief]
  5629 | D:1      | XOM: scenery: create altars
  6100 | D:1      | XOM is BORED!
  6100 | D:1      | XOM: mild Necr miscast
  6166 | D:1      | XOM: god gift: 42 gold pieces
  6192 | D:1      | XOM: god gift: 31 gold pieces
  6502 | D:1      | XOM: cloud trail
  6552 | D:1      | XOM: god gift: book of Cantrips
  6676 | D:1      | XOM: 1-stop teleportation journey
  6834 | D:1      | Reached XP level 4. HP: 27/30 MP: 4/4
  6936 | D:1      | XOM: 1-stop teleportation journey
  7511 | D:1      | XOM: divination: detect items
  7552 | D:1      | Reached skill level 5 in Unarmed Combat
  7554 | D:1      | HP: 1/30 [poisoned by a worker ant]
  7556 | D:1      | Succumbed to a worker ant's poison

Skill      XL: |  1  2  3  4 |
---------------+-------------+-----
Unarmed Combat | 4 5 |  5.1
Fighting       | |  3.0
Dodging        | |  2.3

Action                   |  1- 3 |  4- 6 || total
-------------------------+-------+-------++-------
Melee: Unarmed           |    99 |    13 ||   112
       Constrict         |    24 |     3 ||    27
       Tentacles         |    16 |     2 ||    18
       Punch             |     2 |       ||     2
  Use: Potion            |     1 |       ||     1
 Stab: Sleeping          |     2 |       ||     2
       Distracted        |     2 |       ||     2
  Eat: Chunk             |    18 |     1 ||    19
Armor: Skin              |    16 |       ||    16
Dodge: Dodged            |    86 |     7 ||    93
